 Dungeon Crawl Stone Soup version 0.17-a0-946-g1856e96 (webtiles) character file.

140 FedoraBrony69 the Conjurer (level 5, 6/28 HPs)
             Began as a Deep Elf Conjurer on May 6, 2015.
             Quit the game in a sewer.
             The game lasted 00:04:41 (1698 turns).

FedoraBrony69 the Conjurer (Deep Elf Conjurer)      Turns: 1698, Time: 00:04:41

Health: 6/28       AC:  2    Str:  5    XL:     5   Next: 2%
Magic:  0/14       EV: 13    Int: 21    God:
Gold:   91         SH:  0    Dex: 15    Spells: 2 memorised, 9 levels left

rFire  . . .     SeeInvis .     n - +0 spear
rCold  . . .     Clarity  .     a - +0 robe
rNeg   . . .     SustAb   .     (no shield)
rPois  .         Gourm    .     (no helmet)
rElec  .         Spirit   .     (no cloak)
rCorr  .         Warding  .     (no gloves)
rMut   .         Stasis   .     (no boots)
MR     .....                    (no amulet)
Stlth  +++.......               (no ring)
                                e - ring of stealth

@: not resistant to hostile enchantments, fairly stealthy
A: no striking features
a: no special abilities


You were in a sewer.
You were hungry.

You visited 1 branch of the dungeon, and saw 3 of its levels.
You also visited: Sewer.

You collected 91 gold pieces.

Inventory:

Hand weapons
 g - a +0 short sword
 n - a +0 spear (weapon)
Armour
 a - a +0 robe (worn)
Jewellery
 e - a ring of stealth (left hand)
Scrolls
 f - 3 scrolls of remove curse {unknown}
 h - a scroll of magic mapping {unknown}
 i - a scroll of identify {unknown}
 j - 2 scrolls of fear {unknown}
 l - a scroll of immolation {unknown}
 p - 3 scrolls of fog {unknown}
Potions
 d - a potion of haste {unknown}
 m - a potion of poison {unknown}
 q - a potion of curing {unknown}
Books
 b - a book of Conjurations

   Spells                             Type                      Level
   a - Magic Dart                     Conjuration                  1
   b - Searing Ray                    Conjuration                  2
   c - Dazzling Spray                 Conjuration/Hexes            3
   d - Fulminant Prism                Conjuration/Hexes            4
   e - Iskenderun's Mystic Blast      Conjuration                  4
   f - Iskenderun's Battlesphere      Conjuration/Charms           5
Comestibles
 c - a bread ration
 k - 3 chunks of flesh
 o - 2 fruits


   Skills:
 - Level 2.4 Dodging
 - Level 2.4 Stealth
 + Level 5.4 Spellcasting
 + Level 5.8 Conjurations


You had 9 spell levels left.
You knew the following spells:

 Your Spells              Type           Power        Failure   Level  Hunger
a - Magic Dart            Conj           ####         1%          1    None
b - Iskenderun's Mystic   Conj           ####....     12%         4    ####...


Dungeon Overview and Level Annotations

Branches:
Dungeon (3/15)

Altars:


Message History

Aim: an adder (severely wounded)
The magic dart hits the adder.
You kill the adder!
You have reached level 5!
An adder comes into view.
Casting: Magic Dart
Confirm with . or Enter, or press ? or * to list all spells.
You don't have enough magic to cast that spell.
You see here 13 stones.
You closely miss the river rat. The river rat bites you.
* * * LOW HITPOINT WARNING * * *
An adder comes into view.
You hit the river rat.
The river rat is moderately wounded.
The river rat barely misses you.
Casting: Magic Dart
Confirm with . or Enter, or press ? or * to list all spells.
You don't have enough magic to cast that spell.
Unknown command.
Are you sure you want to abandon this character and quit the game? (Confirm with "yes".)

#####... #..##... #..'....
####....
#####################.....
##†.≈≈≈≈≈≈≈≈≈≈≈≈≈≈≈≈≈......
....†≈≈≈≈≈≈≈≈≈≈≈≈≈≈≈......#
r...≈≈S≈≈≈.≈≈≈≈≈≈≈≈≈≈.....#
....†≈≈≈rr@≈≈≈≈≈≈≈≈≈.....##
r..†≈≈≈≈S..≈≈≈≈≈≈≈≈≈≈...##
...≈≈≈≈≈≈≈≈≈≈≈≈≈≈≈≈≈≈.###
r.##################### .


You could see 2 adders, a river rat and a rat.

Vanquished Creatures
  4 river rats (Sewer)
  6 adders
  An ooze (Sewer)
  A worm (D:2)
  2 giant geckos (D:3)
  6 bats
  2 giant cockroaches
  A hobgoblin (D:1)
  4 kobolds
  3 ball pythons
  A giant newt (D:2)
  A goblin (D:1)
  23 rats
55 creatures vanquished.

Notes
Turn   | Place    | Note
--------------------------------------------------------------
     0 | D:1      | FedoraBrony69, the Deep Elf Conjurer, began the quest for the Orb.
     0 | D:1      | Reached XP level 1. HP: 10/10 MP: 6/6
   472 | D:1      | Reached XP level 2. HP: 12/15 MP: 5/8
   993 | D:2      | Reached XP level 3. HP: 19/19 MP: 7/10
   998 | D:2      | Reached skill level 5 in Conjurations
  1128 | D:3      | Found a glowing drain.
  1187 | Sewer    | Entered a sewer
  1382 | Sewer    | Reached XP level 4. HP: 18/24 MP: 7/12
  1589 | Sewer    | Reached skill level 5 in Spellcasting
  1600 | Sewer    | Learned a level 4 spell: Iskenderun's Mystic Blast
  1694 | Sewer    | Reached XP level 5. HP: 7/28 MP: 0/14
  1698 | Sewer    | Quit the game

Action                   |  1- 3 |  4- 6 || total
-------------------------+-------+-------++-------
Melee: Unarmed           |     4 |       ||     4
       Spear             |       |     3 ||     3
 Cast: Magic Dart        |    75 |    43 ||   118
       Iskenderun's Myst |       |     1 ||     1
  Eat: Chunk             |     1 |     1 ||     2
